 Dungeon Crawl Stone Soup version 0.30-a0-605-gb2882149bf (webtiles) character file.

Game seed: 10113793427753393871

3140 wormed the Changer (level 9, -5/73 HPs)
             Began as an Octopode Transmuter on Jan 7, 2023.
             Was an Initiate of Gozag.
             Killed from afar by a wretched star (11 damage)
             ... with a lance of force
             ... on level 1 of the Abyss.
             The game lasted 00:10:21 (7372 turns).

wormed the Changer (Octopode Transmuter)            Turns: 7372, Time: 00:10:21

Health: -5/73      AC:  8    Str: 12    XL:     9   Next: 92%
Magic:  9/13       EV: 11    Int: 19    God:    Gozag
Gold:   350        SH:  0    Dex: 12    Spells: 11/18 levels left

rFire   x . .      SeeInvis .      - Unarmed
rCold   + + +      Faith    .    (shield currently unavailable)
rNeg    . . .      Spirit   .    (helmet currently unavailable)
rPois   +          Reflect  .    (no amulet)
rElec   .          Harm     .    c - +4 ring of slaying
rCorr   .          Rampage  .    k - +6 ring of strength
Will    .....      Rage     9%   (no ring)
Stlth   +                        (no ring)
HPRegen 0.00/turn                (no ring)
MPRegen 0.13/turn                (no ring)
                                 (no ring)
                                 (no ring)

@: about to teleport, ice-form, inhibited regen
A: freezing attack, boosted hp, almost no armour, amphibious, 8 rings, large,
(camouflage 1), (gelatinous body 1), (nimble swimmer 1), (tentacles), [berserk
2], [deterioration 2], [low MP 2], [inhibited regeneration], [weak 2]
a: End Transformation, Renounce Religion, Potion Petition, Call Merchant, Bribe
Branch


You were on level 1 of the Abyss.
You worshipped Gozag.
Gozag was aware of your devotion.
You were a creature of crystalline ice.
You visited 2 branches of the dungeon, and saw 8 of its levels.
You visited the Abyss 1 time.

You collected 482 gold pieces.
You paid 132 gold pieces to Gozag.

Inventory:

Missiles
 b - a throwing net (quivered)
Jewellery
 c - a +4 ring of slaying (left front paw)
 k - a +6 ring of strength (right front paw)
Wands
 p - a wand of charming (6)
Scrolls
 a - a scroll of enchant armour
 g - a scroll of vulnerability
 h - a scroll of fog
 o - a scroll of enchant weapon
Potions
 f - 2 potions of cancellation
 i - 2 potions of degeneration {unknown}
 j - 4 potions of curing {unknown}
 l - 2 potions of haste {unknown}
 m - a potion of berserk rage {unknown}
 n - 2 potions of mutation {unknown}
 q - a potion of attraction {unknown}


   Skills:
 + Level 5.1 Fighting
 + Level 5.5 Dodging
 + Level 6.0 Unarmed Combat
 + Level 5.0 Spellcasting
 * Level 7.8 Transmutations
 - Level 4.0 Ice Magic


You had 11 spell levels left.
You knew the following spells:

 Your Spells              Type           Power      Damage    Failure   Level
a - Ice Form              Ice/Tmut       27%        N/A       11%         4
b - Wereblood             Tmut           34%        N/A       1%          2
z - Beastly Appendage     Tmut           68%        N/A       1%          1

Your spell library contained the following spells:

 Spells                   Type           Power      Damage    Failure   Level
 Spider Form              Tmut/Pois      19%        N/A       8%          3
 Cigotuvi's Dreadful Rot  Necr/Pois/Air  8%         N/A       19%         2
 Poisonous Vapours        Pois/Air       8%         N/A       19%         2
 Mephitic Cloud           Conj/Pois/Air  4%         N/A       36%         3
 Manifold Assault         Tloc           4%         N/A       77%         4
 Dispersal                Tloc           2%         N/A       100%        6
 Borgnjor's Revivificati  Necr           2%         N/A       100%        8
 Disjunction              Tloc           2%         N/A       100%        8
 Necromutation            Tmut/Necr      9%         N/A       100%        8
 Death's Door             Necr           2%         N/A       100%        9


Dungeon Overview and Level Annotations

Branches:
Dungeon (7/15)             Temple (1/1) D:6

Altars:
Dithmenos
Elyvilon
Gozag
Kikubaaqudgha
Makhleb
Nemelex Xobeh
Okawaru
Qazlal
Yredelemnul
The Shining One

Shops:
D:4 [   D:7 :

Annotations:
D:4 1 transporter, whiskeysaurus's ghost, amateur GnWr
D:7 Dowan


Innate Abilities, Weirdness & Mutations

You are a creature of crystalline ice.
You have a powerful freezing melee attack.
Your maximum health is increased.
Your armour is entirely melded.
You are incapable of wielding weapons or throwing items.
You cannot wear most types of armour.
You are amphibious.
You can wear up to eight rings at the same time.
((Your skin changes colour to match your surroundings (Stealth+).))
((Your rubbery body absorbs attacks. (AC +1, EV +1)))
((You are camouflaged when in or above water. (Stealth+)))
((You have tentacles for arms and can constrict up to eight enemies at once.))
[You have an uncontrollable temper.]
[Your body often deteriorates upon taking damage.]
[Your magical capacity is very low. (-20% MP)]
[You do not regenerate when monsters are visible.]
[You are very weak. (Str -4)]


Message History

You curl up in front of the altar of Lugonu.
Okay, then.
A large abomination comes into view.
The large abomination barely misses you.
A wretched star comes into view.
The wretched star pulses with an eldritch light!
You feel weaker. x2
The wretched star pulses with an eldritch light!
You feel less energetic. x2
The wretched star glows turbulently.
The lance of force misses you.
A large abomination comes into view.
The wretched star pulses with an eldritch light!
Your regeneration stops near monsters.
You tentacle-slap the large abomination.
You squeeze the large abomination, but do no damage.
The large abomination is lightly damaged.
The wretched star glows turbulently.
The lance of force misses you. The large abomination hits you!
Casting: Wereblood (safe; 1% risk of failure)
Confirm with . or Enter, or press ? or * to list all spells.
You turn into a creature of crystalline ice.
The large abomination hits you!
You punch the large abomination! You freeze the large abomination.
The large abomination is heavily damaged.
The large abomination hits you!!
* * * LOW HITPOINT WARNING * * *
As you read the scroll of teleportation, it crumbles to dust.
You feel strangely unstable.
You feel the power of the Abyss delaying your translocation!
The large abomination hits you!
* * * LOW HITPOINT WARNING * * *
The wretched star pulses with an eldritch light!
You feel yourself wasting away.
You feel your body start to fall apart.
You feel a little pissed off.
You feel extremely angry at everything!
The wretched star glows turbulently.
The lance of force hits you!
You die...
Your body crumbles into a pile of gold.

...... .......#.# #
# ...............#
..#. #..##..##..##.#
#...##..##..##..##.#
##..............#.#
#....... ....... .
##.##.*# ..##..##.#
.#.##..##..##.##....
#.....XY......# . #
##.........##.#
#..##..##..# .. ..#
#..##..# . # # ##.#
#.# ..# .# .## . ##
##


You could see a wretched star and a large abomination.

Vanquished Creatures
  Pikel (D:6)
  A steam dragon (D:5)
  Duvessa (D:7)
  2 water moccasins
  A black bear (D:7)
  3 ogres
  2 centaurs (D:6)
  4 phantoms
  2 kobold brigands
  A lemure (D:6)
  3 bullfrogs
  A necrophage (D:3)
  2 scorpions
  A wight (D:7)
  A howler monkey (D:6)
  3 orc priests
  4 jellies
  2 gnoll boudas (D:6)
  A hound (D:5)
  3 iguanas
  5 orc wizards
  14 gnolls
  9 adders
  A shadow imp (D:6)
  A white imp (D:6)
  An ufetubus (D:7)
  2 worms
  3 dart slugs
  31 orcs
  5 ball pythons
  6 bats
  7 endoplasms
  6 giant cockroaches
  10 goblins
  7 hobgoblins
  3 quokkas
  4 frilled lizards (D:1)
  11 kobolds
  5 rats
170 creatures vanquished.

Notes
Turn   | Place    | Note
-------+----------+-------------------------------------------
     0 | D:1      | wormed the Octopode Transmuter began the quest for the Orb.
     0 | D:1      | Reached XP level 1. HP: 13/13 MP: 3/3
   301 | D:1      | Reached XP level 2. HP: 18/18 MP: 3/5
   557 | D:1      | Reached XP level 3. HP: 23/23 MP: 3/6
   564 | D:1      | Learned a level 2 spell: Wereblood
  1121 | D:2      | Reached skill level 1 in Ice Magic
  1148 | D:2      | Found a faded altar of an unknown god.
  1447 | D:2      | Reached XP level 4. HP: 28/28 MP: 3/7
  1448 | D:2      | Reached skill level 3 in Transmutations
  1557 | D:2      | Learned a level 4 spell: Ice Form
  1818 | D:3      | Noticed a necrophage
  1824 | D:3      | Killed a necrophage
  1825 | D:3      | Reached XP level 5. HP: 34/34 MP: 3/8
  2090 | D:3      | Reached XP level 6. HP: 34/39 MP: 6/10
  2618 | D:3      | Reached skill level 4 in Transmutations
  3185 | D:4      | Found Giddodox's Armour Emporium.
  3221 | D:4      | Reached XP level 7. HP: 45/45 MP: 5/11
  3783 | D:4      | Found a transporter.
  3784 | D:4      | Noticed whiskeysaurus's ghost (amateur GnWr)
  4187 | D:5      | Entered Level 5 of the Dungeon
  4334 | D:5      | Noticed a steam dragon
  4344 | D:5      | Killed a steam dragon
  4345 | D:5      | Reached skill level 5 in Transmutations
  4345 | D:5      | Reached XP level 8. HP: 45/52 MP: 8/13
  4420 | D:5      | You fall into a shaft and drop 2 floors!
  5033 | D:5      | Reached skill level 6 in Transmutations
  5916 | D:6      | Reached skill level 5 in Unarmed Combat
  5918 | D:6      | Reached XP level 9. HP: 34/58 MP: 11/15
  6108 | D:6      | Noticed Pikel
  6119 | D:6      | Killed Pikel
  6120 | D:6      | Reached skill level 5 in Dodging
  6120 | D:6      | Reached skill level 7 in Transmutations
  6288 | D:6      | Found a staircase to the Ecumenical Temple.
  6299 | Temple   | Entered the Ecumenical Temple
  6405 | Temple   | Became a worshipper of Gozag Ym Sagoz the Greedy
  6725 | D:7      | Noticed Duvessa
  6732 | D:7      | Noticed Dowan
  6737 | D:7      | Killed Duvessa
  6978 | D:7      | Reached skill level 5 in Fighting
  6987 | D:7      | Reached skill level 5 in Spellcasting
  7200 | D:7      | Found Tixepy's Book Shoppe.
  7246 | Abyss:1  | Cast into level 1 of the Abyss (orc)
  7294 | Abyss:1  | Found a corrupted altar of Lugonu.
  7295 | Abyss:1  | Found a corrupted altar of Lugonu.
  7295 | Abyss:1  | Found a corrupted altar of Lugonu.
  7358 | Abyss:1  | Noticed a wretched star
  7365 | Abyss:1  | Noticed a large abomination
  7372 | Abyss:1  | Killed from afar by a wretched star

Illustrated notes

Levels and vault maps discovered:
D:1:      minmay_arrival_wavy_path, layout_basic, serial_curves, eino_curves_04,
          eino_curves_04, eino_curves_01, eino_curves_03
D:2:      layout_rooms, basic_ecumenical_altar, kennysheep_generic_room_9
D:3:      layout_loops_ring
D:4:      layout_basic, gammafunk_ghost_smash, serial_shops, shop
D:5:      layout_gridville, item_on_display_a
D:6:      layout_basic, minmay_temple_entry_glassed_door, uniq_pikel
D:7:      layout_basic, nicolae_overflow_hidden_temple, serial_shops,
          nicolae_shop_behind_doors, uniq_duvessa, uniq_crazy_yiuf_cottage
Temple:   mainiacjoe_temple_archimedes_tessellation
Abyss:1:  base: D:3, small_statue_intersection

Skill      XL: |  1  2  3  4  5  6  7  8  9 |
---------------+----------------------------+-----
Ice Magic      | 1 2 3 4 |  4.0
Transmutations | 3 4 5 6 7 |  7.8
Fighting       | 2 3 4 5 |  5.1
Dodging        | 3 4 5 |  5.5
Spellcasting   | 3 4 5 |  5.0
Unarmed Combat | 4 5 6 |  6.0

Action                   |  1- 3 |  4- 6 |  7- 9 || total
-------------------------+-------+-------+-------++-------
Melee: Unarmed           |    60 |    93 |   179 ||   332
       Constrict         |    16 |    11 |     3 ||    30
       Kick              |    13 |     5 |       ||    18
       Tentacles         |     5 |     5 |     3 ||    13
       Punch             |       |     2 |     1 ||     3
 Cast: Beastly Appendage |    22 |     7 |       ||    29
       Wereblood         |     8 |     6 |    26 ||    40
       Ice Form          |       |    13 |    37 ||    50
  Use: Potion            |       |     1 |     4 ||     5
       Scroll            |       |     8 |     5 ||    13
 Stab: Sleeping          |     8 |       |       ||     8
       Distracted        |       |       |     1 ||     1
Armor: Skin              |     3 |    34 |    46 ||    83
Dodge: Dodged            |    29 |    48 |   113 ||   190

Table legend: (Time is in decaauts)
 A = Elapsed time spent in this place.
 B = Non-inter-level travel time spent in this place.
 C = Inter-level travel time spent in this place.
 D = Time resting spent in this place.
 E = Time spent auto-exploring this place.
 F = Levels seen in this place.
 G = Mean time per level.
                   A        B        C        D        E       F      G
               +--------+--------+--------+--------+--------+-----+--------+
         Total |   7345 |   7143 |    202 |      0 |   5883 |   9 |  816.1 |
       Dungeon |   7082 |   6932 |    150 |      0 |   5790 |   7 | 1011.7 |
        Temple |    137 |     85 |     52 |      0 |     73 |   1 |  137.0 |
         Abyss |    125 |    125 |      0 |      0 |     20 |   1 |  125.0 |
               +--------+--------+--------+--------+--------+-----+--------+

Top non-repeatable levels by time:
     D:3: 1409 daAuts
     D:5: 1365 daAuts
     D:1: 1113 daAuts
     D:6: 1082 daAuts
     D:4: 1046 daAuts
     D:2: 606 daAuts
     D:7: 460 daAuts
  Temple: 137 daAuts
 Abyss:1: 125 daAuts
